 Dungeon Crawl Stone Soup version 0.27.1 (webtiles) character file.

Game seed: 15956607956968041113

9 MacCMillion the Ruffian (level 2, 29/29 HPs)
             Began as a Troll Monk on Aug 25, 2021.
             Was a Priest of Lugonu.
             Quit the game on level 1 of the Dungeon.
             The game lasted 00:00:58 (101 turns).

MacCMillion the Ruffian (Troll Monk)                 Turns: 101, Time: 00:00:59

Health: 29/29      AC:  4    Str: 18    XL:     2   Next: 3%
Magic:  1/1        EV: 10    Int:  6    God:    Lugonu [***...]
Gold:   25         SH:  0    Dex: 12    Spells: 1/1 levels left

rFire    . . .     SeeInvis .     - Unarmed
rCold    . . .     Faith    .   (no shield)
rNeg     . . .     Spirit   .   a - +0 robe
rPois    .         Reflect  .   (helmet restricted)
rElec    .         Harm     .   (no cloak)
rCorr    .         Rampage  .   (gloves unavailable)
Will     .....                  (boots unavailable)
Stlth    ++........             (no amulet)
HPRegen  1.09/turn              (no ring)
MPRegen  0.07/turn              (no ring)

@: no status effects
A: large, unfitting armour, claws 3, regeneration 1, shaggy fur 1, tough skin 1
a: Renounce Religion, Depart the Abyss, Bend Space, Banish


You were on level 1 of the Dungeon.
You worshipped Lugonu.
Lugonu was most pleased with you.
You visited 1 branch of the dungeon, and saw 1 of its levels.

You collected 25 gold pieces.

Inventory:

Armour
 a - a +0 robe (worn)
Potions
 b - a potion of curing {unknown}


   Skills:
 + Level 2.5 Fighting
 + Level 2.5 Dodging
 + Level 1.1 Stealth
 + Level 3.2 Unarmed Combat


You had one spell level left.
You didn't know any spells.
Your spell library was empty.

Dungeon Overview and Level Annotations

Branches:
Dungeon (1/15)

Altars:
Lugonu


Innate Abilities, Weirdness & Mutations

You are too large for most types of armour.
You have claws for hands.
Your natural rate of healing is unusually fast.
You are covered in fur. (AC +1)
You have tough skin. (AC +1)


Message History

A rat comes into view.
Found a dagger.
Found a faded altar of an unknown god.
The rat closely misses you.
You barely miss the rat. The rat bites you.
You closely miss the rat. The rat barely misses you.
You claw the rat!
You kill the rat!
The hobgoblin shouts!
A hobgoblin is nearby!
An endoplasm comes into view.
There is a dry fountain here.
You scratch the hobgoblin.
The hobgoblin is lightly wounded.
The hobgoblin barely misses you.
You scratch the hobgoblin but do no damage.
The hobgoblin is lightly wounded.
The hobgoblin hits you.
You barely miss the hobgoblin.
The hobgoblin is lightly wounded.
The hobgoblin hits you.
You barely miss the hobgoblin. The hobgoblin barely misses you.
You closely miss the hobgoblin. You claw the hobgoblin!
You kill the hobgoblin!
You scratch the endoplasm.
The endoplasm is severely wounded.
The endoplasm hits you but does no damage.
You claw the endoplasm!
You kill the endoplasm!
You have reached level 2!
There is a faded altar of an unknown god here.
You cannot tell which god this altar belongs to.
Convert to them anyway?
Okay, then.
You cannot tell which god this altar belongs to.
Convert to them anyway?
Lugonu accepts your prayer! Lugonu welcomes you!
You can now depart the Abyss.
You can now bend space around yourself.
You can now banish your foes.
Okay, then.
Are you sure you want to abandon this character and quit the game? (Confirm with "yes".)

#####................
#####..##....####
#....#.##.#
#.##....#.#
#....?#$..#####
########......##.
#⌠...⌠.......
..###............
#....⌠.@.⌠.......
#####............
#..⌠.⌠....(..
....#).........
#####..........
##.........
##.....##. #######


There were no monsters in sight!

Vanquished Creatures
  A dart slug (D:1)
  An endoplasm (D:1)
  2 hobgoblins (D:1)
  A kobold (D:1)
  A rat (D:1)
6 creatures vanquished.

Notes
Turn   | Place    | Note
-------+----------+-------------------------------------------
     0 | D:1      | MacCMillion the Troll Monk began the quest for the Orb.
     0 | D:1      | Reached XP level 1. HP: 22/22 MP: 0/0
    83 | D:1      | Found a faded altar of an unknown god.
    98 | D:1      | Reached XP level 2. HP: 29/29 MP: 1/1
   100 | D:1      | Became a worshipper of Lugonu the Unformed
   100 | D:1      | Reached * piety under Lugonu
   100 | D:1      | Reached ** piety under Lugonu
   100 | D:1      | Reached *** piety under Lugonu
   101 | D:1      | Quit the game

Illustrated notes

Levels and vault maps discovered:
D:1:      tarquinn_simple_flora_water_b, layout_rooms,
          hellmonk_ecumenical_altar_run_dry

Action                   || total
-------------------------++-------
Melee: Unarmed           ||    21
       Punch             ||     1
Armor: Robe              ||     3
Dodge: Dodged            ||     7
